Map: Berlingrad LE

Players

JOFan

  • Race: Terran Terran
  • League: Gold

Pyromega - Winner!

  • Race: Zerg Zerg

VOD

Have the link to the VOD?

Description

Time

  • Played on: Dec. 5, 2021, 3:16 a.m.
  • Length: 18:01
Show
View Real Time Build Order
Export as new Build Order

JOFan Terran 

Build Orders:  

Get SALT Encoding   

  12  0:00  SCV  
  13  0:12  SCV  
  14  0:25  SCV  
  14  0:27  Supply Depot  
  15  0:30  Refinery  
  15  0:49  Barracks  
  15  0:50  SCV  
  16  1:02  SCV  
  17  1:14  SCV  
  18  1:27  SCV  
  18  1:28  Barracks  
  19  1:37  Marine  
  21  1:40  Orbital Command  
  21  1:45  Factory  
  20  1:55  Marine  
  21  2:09  Refinery  
  21  2:18  Barracks Reactor  
  21  2:19  Barracks Tech Lab  
  21  2:21  SCV  
  22  2:33  SCV  
  23  2:51  SCV  
  23  2:57  Marine  
  23  2:58  Stimpack  
  23  3:14  Supply Depot  
  23  3:15  Starport  
  23  3:25  Supply Depot  
  23  3:36  Marine x3, SCV  
  27  3:41  Factory Reactor  
  27  3:48  SCV  
  27  3:53  Marine, Medivac  
  30  3:59  Marine x2  
  30  4:00  SCV  
  33  4:12  SCV  
  34  4:17  Marine x2  
  34  4:18  Command Center  
  34  4:21  Widow Mine  
  38  4:24  Marine  
  39  4:40  Supply Depot  
  39  4:41  Engineering Bay  
  39  5:01  Marine x2  
  39  5:02  SCV  
  39  5:05  Combat Shield  
  39  5:06  Supply Depot  
  42  5:09  Supply Depot  
  42  5:14  SCV  
  43  5:19  Marine x2  
  45  5:22  Marine, Factory Tech Lab  
  45  5:28  Terran Infantry Weapons Level 1, Medivac, Liberator  
  51  5:33  SCV  
  52  5:37  Marine  
  52  5:42  Marine  
  53  5:45  SCV  
  53  5:48  Siege Tank  
  58  6:04  Supply Depot  
  58  6:12  Orbital Command  
  58  6:13  Bunker  
  58  6:28  Supply Depot  
  58  6:32  Marine  
  58  6:33  Marine  
  58  6:35  Supply Depot  
  57  6:50  Marine  
  57  6:51  Marine  
  59  6:58  Supply Depot  
  53  7:08  Marine  
  54  7:17  Marine  
  54  7:19  SCV  
  54  7:20  Refinery  
  54  7:22  Refinery  
  56  7:23  Marauder, Concussive Shells  
  56  7:26  Marine  
  56  7:27  Supply Depot, SCV  
  60  7:31  SCV  
  60  7:35  Marine  
  62  7:37  Terran Infantry Armor Level 1, Engineering Bay  
  62  7:39  SCV  
  62  7:43  SCV  
  64  7:51  SCV  
  64  7:55  SCV  
  64  7:56  Medivac x2  
  70  8:03  SCV  
  71  8:07  Barracks  
  71  8:09  Widow Mine  
  71  8:10  Barracks  
  73  8:14  Marauder  
  73  8:16  SCV x2  
  77  8:21  Armory  
  77  8:23  Marine x2  
  79  8:27  Supply Depot  
  79  8:28  SCV x2  
  81  8:35  Marine  
  81  8:40  SCV x2  
  81  8:41  Marine x2  
  85  8:46  Medivac x2  
  90  8:52  SCV  
  90  8:53  Marine  
  90  8:54  Marauder  
  94  8:59  Marine x2  
  96  9:11  Marine  
  96  9:14  Marine  
  99  9:17  SCV  
  99  9:37  Marine  
  100  9:40  Widow Mine  
  100  9:41  Marauder  
  104  9:46  SCV  
  104  9:48  Medivac x2  
  109  9:58  Command Center, SCV  
  110  10:03  Marauder  
  112  10:21  Siege Tank  
  112  10:22  Barracks Reactor  
  112  10:23  Barracks Reactor  
  112  10:24  Marine x3  
  118  10:34  SCV  
  119  10:37  Armory  
  119  10:38  Terran Infantry Weapons Level 2, Terran Infantry Armor Level 2  
  119  10:42  Marauder  
  121  10:46  SCV  
  122  10:54  Widow Mine  
  124  11:04  Marauder  
  123  11:15  Widow Mine  
  124  11:25  Marauder  
  126  11:28  Liberator  
  126  11:29  SCV  
  126  11:31  Terran Vehicle Weapons Level 1  
  130  11:36  Widow Mine  
  132  11:46  Missile Turret  
  132  11:58  Widow Mine  
  132  12:00  Starport  
  134  12:19  Widow Mine  
  136  12:47  Refinery, SCV  
  136  12:52  Refinery  
  97  13:24  Marine  
  97  13:25  Marine x6  
  102  13:38  Terran Vehicle Weapons Level 2  
  102  13:39  Terran Infantry Weapons Level 3, Supply Depot, Terran Infantry Armor Level 3  
  102  13:42  Marine, Command Center  
  102  13:43  Marine x6  
  109  13:52  Starport Tech Lab  
  109  13:57  Barracks  
  109  13:59  Planetary Fortress  
  109  14:00  Marine x3  
  112  14:03  Barracks  
  112  14:20  Raven  
  112  14:21  Viking  
  112  14:22  Viking  
  118  14:27  Marine x5  
  118  14:29  Barracks x2  
  123  14:45  Starport  
  123  14:47  Barracks Tech Lab  
  123  14:51  Medivac  
  123  14:52  Medivac  
  120  15:23  Planetary Fortress  
  120  15:26  Refinery  
  120  15:27  Refinery  
  120  15:33  Medivac x2  
  124  15:36  Raven  
  126  15:43  SCV  
  127  15:53  Supply Depot  
  127  15:55  SCV  
  128  16:03  Medivac  
  116  16:51  Marauder x2  
  116  16:52  Marine x3  
  123  16:55  Medivac x2  
  123  17:01  Barracks Tech Lab x2  
  126  17:06  Supply Depot  
  126  17:08  Supply Depot  
  126  17:12  Marauder x2  
  130  17:18  Barracks Reactor  
Show
View Real Time Build Order
Export as new Build Order

Pyromega Zerg - Winner!

Build Orders: Hatch First 

Get SALT Encoding   

  12  0:02  Drone  
  13  0:12  Overlord  
  13  0:16  Drone  
  14  0:31  Drone x2  
  14  0:34  Drone  
  17  0:55  Drone  
  17  0:56  Hatchery  
  17  1:11  Spawning Pool  
  17  1:12  Drone  
  17  1:37  Hatchery  
  17  1:39  Drone x2  
  18  1:43  Drone  
  19  1:50  Drone  
  20  1:58  Queen  
  22  2:09  Drone x2  
  22  2:11  Drone  
  25  2:18  Queen  
  25  2:22  Overlord  
  27  2:25  Drone  
  28  2:53  Queen x2  
  32  2:59  Zergling x2  
  32  3:03  Drone x4  
  32  3:04  Queen, Drone  
  40  3:09  Drone x2  
  42  3:15  Overlord  
  42  3:29  Overlord  
  42  3:31  Overlord  
  42  3:42  Drone  
  42  3:43  Drone x6  
  49  3:54  Queen  
  49  3:55  Queen x2  
  55  3:56  Drone x3  
  55  4:01  Drone  
  59  4:06  Drone x2  
  59  4:09  Extractor  
  60  4:10  Extractor  
  59  4:20  Overlord  
  59  4:21  Overlord  
  59  4:23  Drone x2  
  61  4:25  Drone  
  61  4:27  Drone  
  63  4:37  Queen  
  63  4:38  Queen x2  
  68  5:05  Overlord  
  68  5:09  Overlord  
  68  5:11  Drone x6  
  74  5:23  Queen x3  
  80  5:31  Extractor  
  80  5:32  Drone, Extractor  
  80  5:33  Drone x4  
  80  5:34  Drone  
  84  5:46  Drone, Extractor  
  84  5:47  Drone x3, Extractor  
  84  5:48  Drone x3  
  89  6:01  Lair  
  89  6:04  Overlord  
  89  6:06  Overlord  
  89  6:19  Queen, Spore Crawler x2  
  89  6:20  Queen  
  89  6:21  Spore Crawler  
  89  6:25  Spore Crawler  
  89  6:29  Hatchery  
  89  6:30  Drone x2, Spore Crawler  
  89  6:33  Spore Crawler  
  87  6:54  Queen  
  87  6:57  Burrow  
  87  7:19  Queen  
  87  7:22  Drone  
  90  7:23  Drone x16  
  106  7:38  Queen, Evolution Chamber  
  106  7:39  Infestation Pit  
  106  7:41  Drone x7, Evolution Chamber  
  106  7:42  Evolution Chamber, Spire  
  106  7:43  Spire  
  109  7:45  Overlord  
  109  7:49  Overlord x2  
  109  7:56  Extractor x2  
  107  7:59  Queen, Drone x3  
  107  8:03  Queen  
  107  8:04  Hatchery  
  107  8:05  Metabolic Boost  
  113  8:07  Zerg Melee Weapons Level 1  
  113  8:08  Queen, Zerg Missile Weapons Level 1, Zerg Ground Armor Level 1  
  113  8:10  Overlord x5  
  115  8:22  Drone x2  
  115  8:23  Queen, Drone  
  115  8:25  Drone  
  115  8:26  Drone x8  
  129  8:31  Zergling x4  
  131  8:43  Drone x2  
  131  8:46  Pneumatized Carapace, Hive  
  133  9:08  Extractor  
  131  9:12  Extractor, Zergling x4  
  132  9:19  Queen x3  
  136  9:35  Queen  
  136  9:37  Drone x3  
  136  9:38  Drone x3  
  140  9:55  Queen  
  140  10:09  Drone  
  140  10:10  Drone x2  
  140  10:12  Zerg Melee Weapons Level 2, Zerg Ground Armor Level 2, Zerg Missile Weapons Level 2  
  143  10:18  Ultralisk Cavern  
  142  10:30  Extractor  
  142  10:34  Extractor  
  140  10:37  Hatchery  
  139  10:45  Hatchery  
  139  10:48  Extractor  
  139  10:49  Greater Spire x2, Viper x4  
  149  11:26  Chitinous Plating  
  149  11:27  Ultralisk  
  149  11:28  Overlord x3  
  149  11:29  Overlord x4  
  155  12:30  Overseer x2  
  155  12:35  Overseer  
  153  12:44  Anabolic Synthesis  
  135  13:45  Drone x6  
  135  13:46  Drone x10  
  135  13:47  Zergling x2  
  135  13:48  Zergling x24  
  164  13:59  Drone  
  165  14:07  Extractor  
  164  14:26  Viper  
  164  14:30  Zerg Missile Weapons Level 3, Zerg Ground Armor Level 3, Zerg Melee Weapons Level 3  
  167  14:32  Spore Crawler  
  167  14:34  Spore Crawler  
  156  15:00  Corruptor  
  156  15:01  Corruptor x11  
  186  15:09  Ultralisk x2  
  186  15:13  Zerg Flyer Armor Level 1, Zerg Flyer Weapons Level 1  
  197  15:17  Adrenal Glands  
  187  15:43  Hatchery  
  180  16:35  Ultralisk x2  
  192  17:16  Spore Crawler  
Tags
 
Add a new tag
Caveats
  • Supply blocks, unpowered buildings, or Contaminate may cause inaccurate times.
  • Supply counts are checked every 10 seconds.